 Dungeon Crawl Stone Soup version 0.28-a0-691-gad6df49e81 (webtiles) character file.

Game seed: 8621236602511819909

101 ytrimaz the Chopper (level 4, -1/41 HPs)
             Began as a Minotaur Berserker on Oct 20, 2021.
             Was a Believer of Trog.
             Slain by a goblin (3 damage)
             ... led by Robin
             ... on level 3 of the Dungeon.
             The game lasted 00:02:19 (2058 turns).

ytrimaz the Chopper (Minotaur Berserker)            Turns: 2058, Time: 00:02:20

Health: -1/41      AC:  4    Str: 23    XL:     4   Next: 48%
Magic:  3/3        EV: 12    Int:  4    God:    Trog [**....]
Gold:   167        SH:  0    Dex:  9    Spells: 3/3 levels left

rFire   . . .      SeeInvis .   a - +0 hand axe
rCold   . . .      Faith    .   (no shield)
rNeg    . . .      Spirit   .   e - +0 leather armour
rPois   .          Reflect  .   (helmet restricted)
rElec   .          Harm     .   f - +0 cloak
rCorr   .          Rampage  .   (no gloves)
Will    .....                   (no boots)
Stlth   +.........              (no amulet)
HPRegen 0.13/turn               (no ring)
MPRegen 0.08/turn               (no ring)

@: brilliant, on berserk cooldown, slowed, very slow
A: horns 2, retaliatory headbutt
a: Renounce Religion, Berserk, Trog's Hand


You were on level 3 of the Dungeon.
You worshipped Trog.
Trog was pleased with you.
You visited 1 branch of the dungeon, and saw 3 of its levels.

You collected 167 gold pieces.

Inventory:

Hand Weapons
 a - a +0 hand axe (weapon)
Armour
 e - a +0 leather armour (worn)
 f - a +0 cloak (worn)
Scrolls
 b - a scroll of noise {unknown}
 g - a scroll of immolation {unknown}
 h - a scroll of teleportation {unknown}
 i - a scroll of torment {unknown}
Potions
 c - a potion of curing {unknown}
 d - a potion of brilliance
 j - 2 potions of attraction {unknown}
 k - a potion of ambrosia {unknown}


   Skills:
 + Level 4.6 Fighting
 + Level 5.0 Axes
 * Level 3.1 Armour
 + Level 2.8 Dodging


You had 3 spell levels left.
You didn't know any spells.
Your spell library was empty.

Dungeon Overview and Level Annotations

Branches:
Dungeon (3/15)

Altars:


Innate Abilities, Weirdness & Mutations

You have a pair of horns on your head.
You reflexively headbutt those who attack you in melee.


Message History

The goblin barely misses you.
You slash the goblin!
You kill the goblin!
Trog accepts your kill.
You slash the goblin!
You kill the goblin!
Trog accepts your kill.
Unknown command.
You slash Robin!
Robin is severely wounded.
Robin completely misses you.
You closely miss Robin.
Robin is severely wounded.
Unknown command.
You hit Robin.
You kill Robin!
Trog accepts your kill.
Your Axes skill increases to level 5!
You are no longer berserk.
You are exhausted.
You feel yourself slow down. The goblin hits you but does no damage.
The hobgoblin hits you.
* * * LOW HITPOINT WARNING * * *
Items here: ))) [[[ ††.
Unknown command.
You closely miss the hobgoblin. You hit the goblin.
The goblin barely misses you. The hobgoblin closely misses you.
A goblin comes into view. It is wielding a +0 dagger.
Unknown command.
The goblin hits you with a +0 dagger.
* * * LOW HITPOINT WARNING * * *
Things that are here:
a +0 dagger; a goblin corpse
Items here: ))) †.
The goblin misses you.
The hobgoblin no longer looks unusually strong.
It was a potion of brilliance.
You feel clever all of a sudden. The goblin hits you with a +0 dagger.
You die...

###.###.# .#
###.#.....# #.##
........########g..#.#
..............gg).g.#
##...##.######g#...#.#
##. #.# #)##.## # #.#
#g# ## ... #g# #.# #@#
..# #.# #. #.# #$# #.#
#.# #.# #.#


You could see 2 hobgoblins and 3 goblins.

Vanquished Creatures
  An orc wizard (D:3)
  Robin (D:3)
  A worm (D:2)
  3 dart slugs
  2 orcs (D:3)
  A bat (D:2)
  4 endoplasms (D:1)
  3 giant cockroaches
  8 goblins
  3 hobgoblins
  3 jackals
  A quokka (D:1)
  5 ball pythons
  3 frilled lizards (D:1)
  4 kobolds
  10 rats
53 creatures vanquished.

Vanquished Creatures (others)
  A plant (D:1)
1 creature vanquished.

Grand Total: 54 creatures vanquished

Notes
Turn   | Place    | Note
-------+----------+-------------------------------------------
     0 | D:1      | ytrimaz the Minotaur Berserker began the quest for the Orb.
     0 | D:1      | Reached XP level 1. HP: 19/19 MP: 0/0
   213 | D:1      | Reached skill level 4 in Axes
   213 | D:1      | Reached XP level 2. HP: 4/27 MP: 1/1
   790 | D:1      | Reached ** piety under Trog
   873 | D:1      | Reached XP level 3. HP: 33/33 MP: 2/2
   916 | D:1      | Found a faded altar of an unknown god.
  2025 | D:3      | Noticed Robin
  2047 | D:3      | Reached XP level 4. HP: 7/41 MP: 3/3
  2051 | D:3      | Killed Robin
  2052 | D:3      | Reached skill level 5 in Axes
  2052 | D:3      | HP: 2/41 [hobgoblin[Robin] (3)]
  2058 | D:3      | Slain by a goblin

Illustrated notes

Levels and vault maps discovered:
D:1:      giann_wishing_wells, layout_loops_ring,
          chequers_ecumenical_altar_lobes, serial_bayou_pond_b
D:2:      layout_loops_corners
D:3:      layout_loops_corners, nicolae_gozag_seed_capital, roderic_batcave,
          minivault_23, uniq_robin, uniq_jessica

Skill      XL: |  1  2  3  4 |
---------------+-------------+-----
Fighting       | 4 |  4.6
Axes           | 4 5 |  5.0
Armour         | 3 |  3.1
Dodging        | |  2.8

Action                   |  1- 3 |  4- 6 || total
-------------------------+-------+-------++-------
Melee: Hand axe          |    84 |     6 ||    90
       Headbutt          |    11 |       ||    11
Invok: Berserk           |     2 |       ||     2
  Use: Potion            |       |     1 ||     1
Armor: Animal skin       |     9 |       ||     9
       Leather armour    |    27 |     1 ||    28
Dodge: Dodged            |    46 |     6 ||    52

Table legend: (Time is in decaauts)
 A = Elapsed time spent in this place.
 B = Non-inter-level travel time spent in this place.
 C = Inter-level travel time spent in this place.
 D = Time resting spent in this place.
 E = Time spent auto-exploring this place.
 F = Levels seen in this place.
 G = Mean time per level.
                   A        B        C        D        E       F      G
               +--------+--------+--------+--------+--------+-----+--------+
         Total |   2071 |   1987 |     84 |    260 |   1382 |   3 |  690.3 |
       Dungeon |   2071 |   1987 |     84 |    260 |   1382 |   3 |  690.3 |
               +--------+--------+--------+--------+--------+-----+--------+

Top non-repeatable levels by time:
     D:1: 1161 daAuts
     D:2: 850 daAuts
     D:3: 59 daAuts
